 Dungeon Crawl Stone Soup version 0.31-a0-40-g1d5085d191 (webtiles) character file.

Game seed: 9698217961112042493

578 BlueFish the Charlatan (level 7, -4/58 HPs)
             Began as a Green Draconian Artificer on May 17, 2023.
             Splashed by a jelly's acid (7 damage)
             ... on level 4 of the Dungeon.
             The game lasted 00:07:20 (3088 turns).

BlueFish the Charlatan (Green Draconian Artificer)  Turns: 3088, Time: 00:07:21

Health: -4/58      AC: -2    Str: 18    XL:     7   Next: 13%
Magic:  16/16      EV: 13    Int: 13    God:
Gold:   161        SH:  0    Dex: 15    Spells: 6/6 levels left

rFire   . . .        y - +0 dagger of Vanity {protect, MP+9 Str+3 Dex+4}
rCold   . . .        (no shield)
rNeg    . . .        (body armour unavailable)
rPois   +            (helmet restricted)
rElec   .            (no cloak)
rCorr   .            (no gloves)
SInv    .            l - +0 pair of boots
Will    .....        (no amulet)
Stlth   ++           h - ring of wizardry
HPRegen 0.29/turn    (no ring)
MPRegen 0.15/turn

%: wizardry (x1)
@: corroded, under a protective aura
A: breathe noxious fumes, AC +6, unfitting armour, poison resistance,
cold-blooded
a: Breathe Noxious Fumes


You were on level 4 of the Dungeon.
You visited 1 branch of the dungeon, and saw 4 of its levels.

You collected 161 gold pieces.

Inventory:

Hand Weapons
 a - a +0 club
 e - a +0 dagger
 g - a +0 short sword
 y - the +0 dagger of Vanity (weapon) {protect, MP+9 Str+3 Dex+4}
   (You found it on level 4 of the Dungeon)

   Str:       It affects your strength (+3).
   Dex:       It affects your dexterity (+4).
   MP:        It affects your magic capacity (+9).
Missiles
 p - a throwing net
Armour
 l - a +0 pair of boots (worn)
Jewellery
 h - a ring of wizardry (left hand)
Wands
 b - a wand of flame (40) (quivered)
 c - a wand of charming (15)
 d - a wand of iceblast (5)
Scrolls
 f - a scroll of magic mapping {unknown}
 i - a scroll of teleportation
 m - a scroll of blinking {unknown}
 s - a scroll of poison {unknown}
 u - a scroll of fog {unknown}
 w - a scroll of amnesia {unknown}
 z - a scroll of immolation {unknown}
 A - a scroll of enchant weapon {unknown}
Potions
 j - a potion of lignification {unknown}
 n - 2 potions of haste
 o - 3 potions of brilliance
 q - a potion of degeneration {unknown}
 r - a potion of cancellation {unknown}
 t - a potion of curing {unknown}
 v - 2 potions of resistance {unknown}
 x - 2 potions of attraction {unknown}


   Skills:
 + Level 3.7 Fighting
 + Level 3.0 Short Blades
 + Level 3.7 Dodging
 + Level 3.3 Stealth
 + Level 4.5 Evocations


You had 6 spell levels left.
You didn't know any spells.
Your spell library contained the following spells:

 Spells                   Type           Power      Damage    Failure   Level
 Slow                     Hex            0%         N/A       12%         1
 Confusing Touch          Hex            0%         N/A       34%         3
 Hailstorm                Conj/Ice       0%         3d3       34%         3
 Vampiric Draining        Necr           0%         2d6       34%         3
 Ice Form                 Ice/Tmut       0%         N/A       73%         4
 Simulacrum               Ice/Necr       0%         N/A       100%        6


Dungeon Overview and Level Annotations

Branches:
Dungeon (4/15)
 Temple: D:4-7

Altars:
Zin

Annotations:
D:3 2 transporters, CowFu's ghost, amateur DjHW


Innate Abilities, Weirdness & Mutations

You can breathe blasts of noxious fumes.
Your lurid green scales are hard. (AC +6)
You cannot fit into any form of body armour.
Your system is resistant to poisons. (rPois)
You are cold-blooded and may be slowed by cold attacks.


Message History

You hit the jelly.
Your weapon exudes an aura of protection.
Your hands burn!
The jelly is moderately wounded.
The jelly hits you but does no damage.
You hit the jelly but do no damage.
Your hands burn!
The jelly is moderately wounded.
The jelly closely misses you.
You hit the jelly but do no damage. The acid corrodes you!
Your hands burn!
You tail-slap the jelly.
The jelly is moderately wounded.
The jelly hits you. The acid corrodes you!
You are splashed with acid!
You hit the jelly.
Your hands burn!
The jelly is heavily wounded.
The jelly misses you.
You hit the jelly but do no damage. The acid corrodes you!
Your hands burn!
The jelly is heavily wounded.
The jelly hits you.
You are splashed with acid!
* * * LOW HITPOINT WARNING * * *
You hit the jelly.
Your hands burn!
* * * LOW HITPOINT WARNING * * *
You tail-slap the jelly, but do no damage.
The jelly is heavily wounded.
The jelly completely misses you.
You hit the jelly but do no damage. The acid corrodes you!
Your hands burn!
* * * LOW HITPOINT WARNING * * *
The jelly is heavily wounded.
The jelly completely misses you.
You hit the jelly but do no damage.
Your hands burn!
* * * LOW HITPOINT WARNING * * *
You tail-slap the jelly, but do no damage.
You punch the jelly, but do no damage.
The jelly is heavily wounded.
You hit the jelly but do no damage.
Your hands burn!
* * * LOW HITPOINT WARNING * * *
The jelly is heavily wounded.
The jelly hits you.
* * * LOW HITPOINT WARNING * * *
You are splashed with acid!
You die...

#.# #.# ## ###.#
#.###.#.. #.....#..
#.......# # #.##..#.#
#######.#####.......#
#...@J........#..>.##
#.####.....## #....#
#.# .....# #....# #.#
.....######†## #.#
.....##.....# #.#
.....##.##### #.#
.....##.# ########
#.# .....##.#
#......# #.# ###.#


You could see a jelly.

Vanquished Creatures
  Sigmund (D:3)
  A black bear (D:4)
  An ogre (D:4)
  A scorpion (D:4)
  Natasha (twice) (D:2)
  A river rat (D:4)
  4 adders
  2 worms
  A dart slug (D:1)
  4 orcs (D:3)
  6 endoplasms
  4 giant cockroaches
  9 goblins
  9 hobgoblins
  4 quokkas
  11 ball pythons
  2 bats (D:1)
  8 frilled lizards
  8 kobolds
  8 rats
87 creatures vanquished.

Notes
Turn   | Place    | Note
-------+----------+-------------------------------------------
     0 | D:1      | BlueFish the Draconian Artificer began the quest for the
                  | Orb.
     0 | D:1      | Reached XP level 1. HP: 16/16 MP: 1/1
    58 | D:1      | Reached skill level 1 in Stealth
   202 | D:1      | Reached XP level 2. HP: 15/23 MP: 2/2
   716 | D:1      | Reached XP level 3. HP: 20/29 MP: 3/3
   811 | D:2      | Reached skill level 1 in Short Blades
  1148 | D:2      | Noticed Natasha
  1157 | D:2      | Reached XP level 4. HP: 36/36 MP: 4/4
  1170 | D:2      | Killed Natasha
  1349 | D:2      | Noticed Natasha
  1361 | D:2      | Killed Natasha
  1529 | D:3      | Reached XP level 5. HP: 23/42 MP: 5/5
  1677 | D:3      | Found a glowing silver altar of Zin.
  1708 | D:3      | Noticed Sigmund
  1741 | D:3      | Killed Sigmund
  1742 | D:3      | Reached skill level 4 in Evocations
  1742 | D:3      | Reached XP level 6. HP: 28/51 MP: 6/6
  1973 | D:3      | Found a transporter.
  1975 | D:3      | Noticed CowFu's ghost (amateur DjHW)
  1981 | D:3      | Found a transporter.
  2377 | D:4      | Identified the +0 dagger of Vanity {protect, MP+9 Str+3
                  | Dex+4}
  2641 | D:4      | HP: 2/51 [hobgoblin (3)]
  2871 | D:4      | Your scales start taking on a lurid green colour.
  2871 | D:4      | Reached XP level 7. HP: 23/58 MP: 7/7
  2871 | D:4      | Gained mutation: Your system is resistant to poisons.
                  | (rPois) [Green Draconian growth]
  3088 | D:4      | Splashed by a jelly's acid

Illustrated notes

Levels and vault maps discovered:
D:1:      giann_bridges, layout_basic
D:2:      layout_rooms, amcnicky_mini_corridor_feature, uniq_natasha
D:3:      layout_loops_ring, mainiacjoe_overflow_chevrons,
          gammafunk_ghost_mausoleum, uniq_sigmund
D:4:      layout_basic, trog_wizard, portal_sewer_entry_e,
          nicolae_zen_rock_garden

Skill      XL: |  1  2  3  4  5  6 |
---------------+-------------------+-----
Stealth        | 1 2 3 |  3.3
Short Blades   | 1 2 3 |  3.0
Fighting       | 2 3 |  3.7
Dodging        | 3 |  3.7
Evocations     | 4 |  4.5

Action                     |  1- 3 |  4- 6 |  7- 9 || total
---------------------------+-------+-------+-------++-------
  Melee: Short sword       |   176 |   165 |       ||   341
         Dagger            |    10 |    77 |    25 ||   112
         Tailslap          |    20 |    39 |     6 ||    65
         Punch             |     2 |     1 |     1 ||     4
  Evoke: Wand              |       |     2 |       ||     2
    Use: Scroll            |       |     5 |       ||     5
   Stab: Sleeping          |     4 |     3 |     2 ||     9
         Distracted        |       |     1 |       ||     1
 Armour: Skin              |    45 |    94 |    14 ||   153
  Dodge: Dodged            |   117 |   127 |    16 ||   260

Table legend: (Time is in decaauts)
 A = Elapsed time spent in this place.
 B = Non-inter-level travel time spent in this place.
 C = Inter-level travel time spent in this place.
 D = Time resting spent in this place.
 E = Time spent auto-exploring this place.
 F = Levels seen in this place.
 G = Mean time per level.
                   A        B        C        D        E       F      G
               +--------+--------+--------+--------+--------+-----+--------+
         Total |   3061 |   3019 |     42 |     68 |   1850 |   4 |  765.2 |
       Dungeon |   3061 |   3019 |     42 |     68 |   1850 |   4 |  765.2 |
               +--------+--------+--------+--------+--------+-----+--------+

Top non-repeatable levels by time:
     D:3: 902 daAuts
     D:1: 746 daAuts
     D:2: 712 daAuts
     D:4: 699 daAuts
